Tamiflu vs Sasquatch
Created - 15 novembre 2014 at 22:48
Goals
|
| Tamiflu |
1 |
0 |
1 |
2 |
| Sasquatch |
2 |
0 |
2 |
4 |
|
Shots
|
| Tamiflu |
6 |
3 |
9 |
18 |
| Sasquatch |
16 |
1 |
5 |
22 |
|
1st period
1. Sasquatch , Stephane Da Costa 11 (Matt Niskanen, Cam Atkinson) at 8:23
2. Sasquatch , D.J King 15 (Jake Gardiner) at 15:19
3. Tamiflu , Carson Mcmillan 7 (Nate Thompson, Alex Picard) at 16:47
Penalties :
No Penalty
2nd period
No Goal
Penalties :
Rich Clune (Det) for Slashing (Minor) at 19:44
3rd period
4. Sasquatch , T.J. Oshie 6 (Tyler Johnson, Jake Gardiner) at 4:06
5. Sasquatch , Brandon Bochenski 7 (Derek Stepan, Nick Leddy) at 7:13 (PP)
6. Tamiflu , Mike Duco 12 (Alex Picard, Nate Thompson) at 19:34
Penalties :
Colin Greening (Det) for Hooking (Minor) at 6:12, Brandon Bochenski (Gat) for High sticking (Minor) at 11:12, Matt Niskanen (Gat) for Tripping (Minor) at 16:49
Goalie Stats
Mike McKenna (Det), 18 saves from 22 shots - (0,818), L, 10-6-1, 60:00 minutes
Anders Lindback (Gat), 16 saves from 18 shots - (0,889), W, 4-6-1, 60:00 minutes
Players Stats for Tamiflu
Player Name G A P +/- PIM S H SB GA TA FO MP PP MP PK MP
------------------------------------------------------------------------------------
Alex Picard 0 2 2 -1 0 1 2 2 0 1 1/1 23:04 1:46 2:07
Ben Hanowski 0 0 0 0 0 0 0 0 0 0 0/0 4:43 0:34 0:21
Carson Mcmillan 1 0 1 -1 0 1 0 0 0 0 0/0 5:35 0:00 0:00
Casey Wellman 0 0 0 -1 0 1 0 0 0 0 0/4 11:50 0:00 0:00
Cody Goloubef 0 0 0 0 0 0 0 0 0 1 0/0 7:37 0:00 0:00
Colin Greening 0 0 0 0 2 0 0 0 0 0 1/5 14:32 0:19 0:40
Greg Mauldin 0 0 0 0 0 3 0 0 1 1 3/9 20:26 1:38 0:47
Johan Fransson 0 0 0 -1 0 0 0 1 0 0 0/0 17:55 1:27 1:18
Jonathan Sigalet 0 0 0 0 0 1 0 0 0 2 0/0 23:19 2:31 1:42
Jordan Hendry 0 0 0 -1 0 1 1 2 0 0 0/0 17:14 1:27 1:18
Kyle Lawson 0 0 0 0 0 0 0 0 0 0 0/0 12:51 0:00 0:00
Mattias Tedenby 0 0 0 -1 0 0 0 0 0 1 1/1 15:48 0:58 0:00
Mike Duco 1 0 1 1 0 2 2 1 0 0 1/1 16:34 1:30 0:00
Nate Thompson 0 2 2 0 0 4 2 0 0 1 7/18 22:32 1:49 1:55
Nathan Oystrick 0 0 0 0 0 0 3 2 0 1 0/0 22:37 2:31 1:42
Petr Pohl 0 0 0 0 0 2 3 1 0 0 0/0 19:22 1:38 0:00
Philip Samuelsson 0 0 0 0 0 0 0 0 0 1 0/0 12:48 0:00 0:00
Philippe Dupuis 0 0 0 0 0 0 0 0 0 0 0/0 0:59 0:00 0:00
Rich Clune 0 0 0 0 2 2 0 0 0 0 1/1 19:35 1:42 0:10
Stefan Elliott 0 0 0 0 0 0 0 0 0 0 0/0 0:00 0:00 0:00
Teemu Laakso 0 0 0 0 0 0 0 0 0 0 0/0 7:37 0:00 0:00
Teigan Zahn 0 0 0 0 0 0 0 0 0 0 0/0 0:00 0:00 0:00
Players Stats for Sasquatch
Player Name G A P +/- PIM S H SB GA TA FO MP PP MP PK MP
------------------------------------------------------------------------------------
Brandon Bochenski 1 0 1 -1 2 4 2 0 2 0 1/1 19:24 1:42 0:00
Cam Atkinson 0 1 1 1 0 1 1 0 0 0 1/2 13:03 0:00 0:00
D.J King 1 0 1 -1 0 2 1 0 1 0 1/1 21:05 2:01 2:25
Derek Stepan 0 1 1 -1 0 0 4 0 0 0 9/16 18:46 2:01 0:00
Jake Gardiner 0 2 2 1 0 0 1 1 0 1 0/0 25:31 1:39 2:39
Jakub Voracek 0 0 0 0 0 1 0 0 0 0 0/0 4:40 0:00 0:00
Joe Corvo 0 0 0 0 0 1 0 0 0 0 0/0 22:59 1:39 2:45
Keith Yandle 0 0 0 0 0 0 0 1 0 0 0/0 3:14 0:00 0:00
Kyle Clifford 0 0 0 1 0 2 2 0 0 0 0/0 13:55 0:00 0:44
Luke Adam 0 0 0 0 0 2 0 0 0 0 1/2 9:16 0:00 0:00
Matt Beleskey 0 0 0 0 0 2 0 0 0 0 0/0 12:01 0:00 0:46
Matt Niskanen 0 1 1 1 2 0 3 1 1 0 1/1 21:01 1:21 0:33
Nick Leddy 0 1 1 -1 0 1 1 2 0 0 0/0 20:27 1:21 1:22
Oskar Osala 0 0 0 1 0 1 5 0 0 0 0/0 16:49 0:59 0:49
Stephane Da Costa 1 0 1 1 0 2 3 0 0 0 4/4 15:05 0:19 0:00
T.J. Oshie 1 0 1 1 0 1 0 0 2 0 0/0 17:16 0:59 0:49
Tyler Johnson 0 1 1 1 0 0 3 1 1 0 7/13 19:02 0:59 2:23
Yann Sauvé 0 0 0 1 0 2 2 0 2 0 0/0 21:59 0:00 0:37
3 Stars
1 - Stephane Da Costa (Gat)
2 - Mike Duco (Det)
3 - Jake Gardiner (Gat)
Power Play
Tamiflu - 0 on 2 Attempt(s) - 0,00%
Sasquatch - 1 on 2 Attempt(s) - 50,00%
Penalty Kill
Tamiflu - 1 on 2 Attempt(s) - 50,00%
- Score 0 goal in Penalty Kill
Sasquatch - 2 on 2 Attempt(s) - 100,00%
- Score 0 goal in Penalty Kill
Official
Referees : Sutherland Kelly and Leggo Mike
Linesman : Bryan Pancich and Shane Heyer
Game Notes
Keith Yandle is injured at 8:35 of 1st period (Back)
Jakub Voracek is injured at 15:11 of 1st period (Left Knee)
Carson Mcmillan is injured at 5:20 of 2nd period (Bruised Left Shoulder)
Finance
Level 1 -- Attendance: 1554 (77,70%) -- Ticket Income 54 390 $
Level 2 -- Attendance: 757 (75,70%) -- Ticket Income 11 355 $
Total Attendance: 2311 (77,03%)
Total Ticket Income: 65 745 $
Other Income: 3 287 $
Total Income: 69 032 $
Tamiflu
5 vs 5 Forward
Center Left Wing Right Wing Time % Phy DF OF
1 Nate Thompson Alex Picard Carson Mcmillan 40 1 2 2
2 Greg Mauldin Rich Clune Petr Pohl 30 1 2 2
3 Colin Greening Nate Thompson Mike Duco 20 1 2 2
4 Casey Wellman Alex Picard Mattias Tedenby 10 1 2 2
5 vs 5 Defense
Defense Defense Time % Phy DF OF
1 Jonathan Sigalet Nathan Oystrick 40 1 2 2
2 Jordan Hendry Johan Fransson 30 1 2 2
3 Philip Samuelsson Kyle Lawson 20 1 2 2
4 Cody Goloubef Teemu Laakso 10 1 2 2
PowerPlay Forward
Center Left Wing Right Wing Time % Phy DF OF
1 Nate Thompson Alex Picard Carson Mcmillan 60 1 2 2
2 Greg Mauldin Rich Clune Petr Pohl 40 1 2 2
PowerPlay Defense
Defense Defense Time % Phy DF OF
1 Jonathan Sigalet Nathan Oystrick 60 1 2 2
2 Jordan Hendry Johan Fransson 40 1 2 2
Penalty Kill 4 Players Forward
Center Wing Time % Phy DF OF
1 Nate Thompson Alex Picard 60 1 2 2
2 Greg Mauldin Carson Mcmillan 40 1 2 2
Penalty Kill 4 Players Defense
Defense Defense Time % Phy DF OF
1 Jonathan Sigalet Nathan Oystrick 60 1 2 2
2 Jordan Hendry Johan Fransson 40 1 2 2
Penalty Kill - 3 Players Forward
Forward Time % Phy DF OF
1 Nate Thompson 60 1 2 2
2 Alex Picard 40 1 2 2
Penalty Kill - 3 Players Defense
Defense Defense Time % Phy DF OF
1 Jonathan Sigalet Nathan Oystrick 60 1 2 2
2 Jordan Hendry Johan Fransson 40 1 2 2
4 vs 4 Forward
Center Wing Time % Phy DF OF
1 Nate Thompson Alex Picard 60 1 2 2
2 Greg Mauldin Carson Mcmillan 40 1 2 2
4 vs 4 Defense
Defense Defense Time % Phy DF OF
1 Jonathan Sigalet Nathan Oystrick 60 1 2 2
2 Jordan Hendry Johan Fransson 40 1 2 2
Last Minutes Offensive
Center Left Wing Right Wing Defense Defense
Nate Thompson Alex Picard Carson Mcmillan Jonathan Sigalet Nathan Oystrick
Last Minutes Defensive
Center Left Wing Right Wing Defense Defense
Nate Thompson Alex Picard Carson Mcmillan Jonathan Sigalet Nathan Oystrick
Goaltenders
Starting : Mike McKenna
Backup : Thomas Greiss
Extra Forwards
Normal : Mike Duco, Mattias Tedenby, Colin Greening - PP : Mike Duco, Mattias Tedenby - PK : Colin Greening
Extra Defensemen
Normal : Philip Samuelsson, Kyle Lawson, Cody Goloubef - PP : Philip Samuelsson - PK : Kyle Lawson, Cody Goloubef
Penalty Shots
Nate Thompson, Alex Picard, Greg Mauldin, Carson Mcmillan, Petr Pohl
Sasquatch
5 vs 5 Forward
Center Left Wing Right Wing Time % Phy DF OF
1 Derek Stepan D.J King Jakub Voracek 40 1 2 2
2 Tyler Johnson Oskar Osala T.J. Oshie 30 1 2 2
3 Stephane Da Costa Kyle Clifford Cam Atkinson 20 1 2 2
4 Luke Adam Matt Beleskey Brandon Bochenski 10 1 2 2
5 vs 5 Defense
Defense Defense Time % Phy DF OF
1 Keith Yandle Jake Gardiner 40 1 2 2
2 Matt Niskanen Yann Sauvé 30 1 2 2
3 Joe Corvo Nick Leddy 20 1 2 2
4 Joe Corvo Jake Gardiner 10 1 2 2
PowerPlay Forward
Center Left Wing Right Wing Time % Phy DF OF
1 Derek Stepan D.J King Jakub Voracek 60 1 2 2
2 Tyler Johnson Oskar Osala T.J. Oshie 40 1 2 2
PowerPlay Defense
Defense Defense Time % Phy DF OF
1 Joe Corvo Jake Gardiner 60 1 2 2
2 Matt Niskanen Nick Leddy 40 1 2 2
Penalty Kill 4 Players Forward
Center Wing Time % Phy DF OF
1 Tyler Johnson D.J King 60 1 2 2
2 T.J. Oshie Oskar Osala 40 1 2 2
Penalty Kill 4 Players Defense
Defense Defense Time % Phy DF OF
1 Joe Corvo Jake Gardiner 60 1 2 2
2 Matt Niskanen Keith Yandle 40 1 2 2
Penalty Kill - 3 Players Forward
Forward Time % Phy DF OF
1 Tyler Johnson 60 1 2 2
2 T.J. Oshie 40 1 2 2
Penalty Kill - 3 Players Defense
Defense Defense Time % Phy DF OF
1 Joe Corvo Jake Gardiner 60 1 2 2
2 Matt Niskanen Keith Yandle 40 1 2 2
4 vs 4 Forward
Center Wing Time % Phy DF OF
1 Tyler Johnson D.J King 60 1 2 2
2 Derek Stepan Jakub Voracek 40 1 2 2
4 vs 4 Defense
Defense Defense Time % Phy DF OF
1 Joe Corvo Jake Gardiner 60 1 2 2
2 Matt Niskanen Keith Yandle 40 1 2 2
Last Minutes Offensive
Center Left Wing Right Wing Defense Defense
Derek Stepan D.J King Jakub Voracek Joe Corvo Jake Gardiner
Last Minutes Defensive
Center Left Wing Right Wing Defense Defense
Tyler Johnson D.J King T.J. Oshie Joe Corvo Jake Gardiner
Goaltenders
Starting : Anders Lindback
Backup : Marek Schwarz
Extra Forwards
Normal : Brandon Bochenski, Stephane Da Costa, Matt Beleskey - PP : Brandon Bochenski, Stephane Da Costa - PK : Matt Beleskey
Extra Defensemen
Normal : Yann Sauvé, Nick Leddy, Matt Niskanen - PP : Yann Sauvé - PK : Nick Leddy, Matt Niskanen
Penalty Shots
D.J King, T.J. Oshie, Jakub Voracek, Oskar Osala, Brandon Bochenski
% Time on Ice - Tamiflu
Lines # - Real PCT - Wanted PCT - Time Play
Normal Forward
1 - 32% - 40% - 16:48
2 - 29% - 30% - 15:22
3 - 17% - 20% - 9:02
4 - 22% - 10% - 11:50
Normal Defense
1 - 35% - 40% - 18:24
2 - 27% - 30% - 14:13
3 - 24% - 20% - 12:48
4 - 14% - 10% - 7:37
PP Forward
1 - 59% - 60% - 2:20
2 - 41% - 40% - 1:38
PP Defense
1 - 63% - 60% - 2:31
2 - 37% - 40% - 1:27
PK Forward
1 - 76% - 60% - 2:16
2 - 24% - 40% - 0:44
PK Defense
1 - 57% - 60% - 1:42
2 - 43% - 40% - 1:18
PK3 Forward
1 - 0% - 60%
2 - 0% - 40%
PK3 Defense
1 - 0% - 60%
2 - 0% - 40%
44 Forward
1 - 0% - 60%
2 - 0% - 40%
44 Defense
1 - 0% - 60%
2 - 0% - 40%
Last Minute Offensive - 0:00
Last Minute Defensive - 0:00
Total
Forward - 60:00
Defense - 60:00
|
% Time on Ice - Sasquatch
Lines # - Real PCT - Wanted PCT - Time Play
Normal Forward
1 - 38% - 40% - 19:56
2 - 26% - 30% - 13:50
3 - 22% - 20% - 11:28
4 - 15% - 10% - 7:48
Normal Defense
1 - 46% - 40% - 24:36
2 - 30% - 30% - 15:44
3 - 17% - 20% - 9:00
4 - 7% - 10% - 3:42
PP Forward
1 - 67% - 60% - 2:01
2 - 33% - 40% - 0:59
PP Defense
1 - 55% - 60% - 1:39
2 - 45% - 40% - 1:21
PK Forward
1 - 79% - 60% - 3:09
2 - 21% - 40% - 0:49
PK Defense
1 - 55% - 60% - 2:11
2 - 45% - 40% - 1:47
PK3 Forward
1 - 0% - 60%
2 - 0% - 40%
PK3 Defense
1 - 0% - 60%
2 - 0% - 40%
44 Forward
1 - 0% - 60%
2 - 0% - 40%
44 Defense
1 - 0% - 60%
2 - 0% - 40%
Last Minute Offensive - 0:00
Last Minute Defensive - 0:00
Total
Forward - 60:00
Defense - 60:00
|
Play by Play
1st period
0:01 of 1st period - Derek Stepan wins face-off versus Nate Thompson in neutral zone.
0:08 of 1st period - Wrist shot by D.J King.
0:08 of 1st period - Shot Blocked by Nathan Oystrick.
0:25 of 1st period - Keith Yandle is hit by Petr Pohl.
0:50 of 1st period - Slapshot by Joe Corvo.
0:50 of 1st period - Deflect By Kyle Clifford.
0:50 of 1st period - Stopped by Mike McKenna with a rebound.
0:56 of 1st period - Wrist shot by Stephane Da Costa.
0:56 of 1st period - Shot Misses the Net.
1:42 of 1st period - Snap shot by Joe Corvo.
1:42 of 1st period - Shot Misses the Net.
1:44 of 1st period - Snap shot by Joe Corvo.
1:44 of 1st period - Stopped by Mike McKenna without a rebound.
1:45 of 1st period - Derek Stepan wins face-off versus Colin Greening in Tamiflu zone.
2:50 of 1st period - Snap shot by Nate Thompson.
2:50 of 1st period - Shot Misses the Net.
3:35 of 1st period - Snap shot by Luke Adam.
3:35 of 1st period - Stopped by Mike McKenna with a rebound.
3:37 of 1st period - Snap shot by Luke Adam.
3:37 of 1st period - Stopped by Mike McKenna without a rebound.
3:38 of 1st period - Colin Greening wins face-off versus Luke Adam in Tamiflu zone.
4:11 of 1st period - Snap shot by Greg Mauldin.
4:11 of 1st period - Stopped by Anders Lindback with a rebound.
4:13 of 1st period - Slapshot by Jordan Hendry.
4:13 of 1st period - Stopped by Anders Lindback without a rebound.
4:14 of 1st period - Mattias Tedenby wins face-off versus Tyler Johnson in Sasquatch zone.
4:39 of 1st period - Jonathan Sigalet is hit by Stephane Da Costa and loses puck.
5:22 of 1st period - Yann Sauvé is hit by Alex Picard and loses puck.
5:45 of 1st period - Matt Niskanen is hit by Petr Pohl and loses puck.
5:56 of 1st period - Matt Niskanen is hit by Nate Thompson and loses puck.
7:03 of 1st period - Alex Picard is hit by Brandon Bochenski and loses puck.
7:20 of 1st period - Wrist shot by Greg Mauldin.
7:20 of 1st period - Shot Misses the Net.
7:22 of 1st period - Snap shot by Rich Clune.
7:22 of 1st period - Stopped by Anders Lindback with a rebound.
8:23 of 1st period - Wrist shot by Stephane Da Costa.
8:23 of 1st period - Goal by Stephane Da Costa - Tamiflu : 0 - Sasquatch : 1.
8:24 of 1st period - Derek Stepan wins face-off versus Greg Mauldin in neutral zone.
8:35 of 1st period - Wrist shot by Petr Pohl.
8:35 of 1st period - Shot Blocked by Keith Yandle.
8:35 of 1st period - Keith Yandle from Sasquatch is injured at 8:35 of 1st period (Back).
8:36 of 1st period - Nate Thompson wins face-off versus Tyler Johnson in Sasquatch zone.
8:47 of 1st period - Snap shot by Alex Picard.
8:47 of 1st period - Shot Misses the Net.
8:49 of 1st period - Wrist shot by Nate Thompson.
8:49 of 1st period - Stopped by Anders Lindback with a rebound.
8:51 of 1st period - Wrist shot by Nate Thompson.
8:51 of 1st period - Shot Blocked by Jake Gardiner.
9:43 of 1st period - Wrist shot by Brandon Bochenski.
9:43 of 1st period - Shot Misses the Net.
9:46 of 1st period - Icing by Mattias Tedenby.
9:47 of 1st period - Luke Adam wins face-off versus Casey Wellman in Tamiflu zone.
9:48 of 1st period - Wrist shot by Brandon Bochenski.
9:48 of 1st period - Shot Misses the Net.
10:01 of 1st period - Snap shot by Brandon Bochenski.
10:01 of 1st period - Stopped by Mike McKenna with a rebound.
10:43 of 1st period - Slapshot by Brandon Bochenski.
10:43 of 1st period - Stopped by Mike McKenna with a rebound.
10:45 of 1st period - Wrist shot by Matt Beleskey.
10:45 of 1st period - Stopped by Mike McKenna with a rebound.
10:47 of 1st period - Wrist shot by Matt Niskanen.
10:47 of 1st period - Shot Misses the Net.
10:49 of 1st period - Slapshot by Matt Niskanen.
10:49 of 1st period - Shot Blocked by Jordan Hendry.
10:51 of 1st period - Slapshot by Yann Sauvé.
10:51 of 1st period - Deflect By Jordan Hendry.
10:51 of 1st period - Stopped by Mike McKenna with a rebound.
11:29 of 1st period - Slapshot by Mattias Tedenby.
11:29 of 1st period - Shot Misses the Net.
11:49 of 1st period - Snap shot by Brandon Bochenski.
11:49 of 1st period - Shot Misses the Net.
11:51 of 1st period - Slapshot by Matt Niskanen.
11:51 of 1st period - Shot Misses the Net.
11:53 of 1st period - Wrist shot by Brandon Bochenski.
11:53 of 1st period - Shot Blocked by Alex Picard.
11:55 of 1st period - Slapshot by Brandon Bochenski.
11:55 of 1st period - Stopped by Mike McKenna with a rebound.
11:57 of 1st period - Snap shot by Matt Beleskey.
11:57 of 1st period - Stopped by Mike McKenna with a rebound.
11:59 of 1st period - Slapshot by Yann Sauvé.
11:59 of 1st period - Stopped by Mike McKenna without a rebound.
12:00 of 1st period - Derek Stepan wins face-off versus Greg Mauldin in Tamiflu zone.
12:05 of 1st period - Wrist shot by Jakub Voracek.
12:05 of 1st period - Stopped by Mike McKenna without a rebound.
12:06 of 1st period - Rich Clune wins face-off versus Derek Stepan in Tamiflu zone.
12:06 of 1st period - Rich Clune is hit by Derek Stepan.
12:12 of 1st period - Slapshot by Petr Pohl.
12:12 of 1st period - Shot Misses the Net.
12:22 of 1st period - Slapshot by Petr Pohl.
12:22 of 1st period - Shot Misses the Net.
13:16 of 1st period - Tyler Johnson is hit by Nathan Oystrick and loses puck.
13:29 of 1st period - Nate Thompson is hit by D.J King and loses puck.
14:41 of 1st period - Jordan Hendry is hit by Jake Gardiner and loses puck.
15:10 of 1st period - Jakub Voracek is hit by Nate Thompson and loses puck.
15:11 of 1st period - Jakub Voracek from Sasquatch is injured at 15:11 of 1st period (Left Knee).
15:12 of 1st period - D.J King wins face-off versus Nate Thompson in Sasquatch zone.
15:17 of 1st period - Wrist shot by D.J King.
15:17 of 1st period - Shot Misses the Net.
15:19 of 1st period - Wrist shot by D.J King.
15:19 of 1st period - Goal by D.J King - Tamiflu : 0 - Sasquatch : 2.
15:20 of 1st period - Brandon Bochenski wins face-off versus Nate Thompson in neutral zone.
15:25 of 1st period - Jake Gardiner is hit by Alex Picard and loses puck.
15:46 of 1st period - Greg Mauldin is hit by Tyler Johnson and loses puck.
16:13 of 1st period - Wrist shot by Cam Atkinson.
16:13 of 1st period - Shot Misses the Net.
16:15 of 1st period - Wrist shot by Kyle Clifford.
16:15 of 1st period - Stopped by Mike McKenna without a rebound.
16:16 of 1st period - Greg Mauldin wins face-off versus Cam Atkinson in Tamiflu zone.
16:27 of 1st period - Wrist shot by Cam Atkinson.
16:27 of 1st period - Shot Blocked by Petr Pohl.
16:29 of 1st period - Wrist shot by Cam Atkinson.
16:29 of 1st period - Stopped by Mike McKenna with a rebound.
16:31 of 1st period - Snap shot by Stephane Da Costa.
16:31 of 1st period - Shot Misses the Net.
16:33 of 1st period - Snap shot by Kyle Clifford.
16:33 of 1st period - Shot Misses the Net.
16:35 of 1st period - Backhand shot by Kyle Clifford.
16:35 of 1st period - Deflect By Petr Pohl.
16:35 of 1st period - Shot Misses the Net.
16:35 of 1st period - Puck is out of play.
16:36 of 1st period - Alex Picard wins face-off versus Derek Stepan in Tamiflu zone.
16:47 of 1st period - Snap shot by Carson Mcmillan.
16:47 of 1st period - Goal by Carson Mcmillan - Tamiflu : 1 - Sasquatch : 2.
16:48 of 1st period - Derek Stepan wins face-off versus Nate Thompson in neutral zone.
17:14 of 1st period - Snap shot by Greg Mauldin.
17:14 of 1st period - Stopped by Anders Lindback with a rebound.
17:16 of 1st period - Snap shot by Greg Mauldin.
17:16 of 1st period - Shot Misses the Net.
19:02 of 1st period - Alex Picard is hit by Yann Sauvé and loses puck.
19:23 of 1st period - Nate Thompson is hit by Tyler Johnson and loses puck.
Goals for this period are 1 for Tamiflu vs 2 for Sasquatch.
Shots for this period are 6 for Tamiflu vs 16 for Sasquatch.
2nd period
0:01 of 2nd period - Nate Thompson wins face-off versus Derek Stepan in neutral zone.
0:44 of 2nd period - Backhand shot by D.J King.
0:44 of 2nd period - Stopped by Mike McKenna without a rebound.
0:45 of 2nd period - Tyler Johnson wins face-off versus Nate Thompson in Tamiflu zone.
1:01 of 2nd period - Wrist shot by Nate Thompson.
1:01 of 2nd period - Shot Misses the Net.
1:11 of 2nd period - Petr Pohl is hit by Stephane Da Costa and loses puck.
3:35 of 2nd period - Cody Goloubef is hit by Yann Sauvé and loses puck.
3:48 of 2nd period - Mike Duco is hit by Oskar Osala and loses puck.
4:21 of 2nd period - Alex Picard is hit by Oskar Osala.
4:25 of 2nd period - Alex Picard is hit by Oskar Osala and loses puck.
4:45 of 2nd period - Icing by Jake Gardiner.
4:46 of 2nd period - Stephane Da Costa wins face-off versus Casey Wellman in Sasquatch zone.
4:53 of 2nd period - Snap shot by D.J King.
4:53 of 2nd period - Shot Misses the Net.
5:09 of 2nd period - Wrist shot by Greg Mauldin.
5:09 of 2nd period - Shot Misses the Net.
5:19 of 2nd period - Carson Mcmillan is hit by Cam Atkinson and loses puck.
5:20 of 2nd period - Carson Mcmillan from Tamiflu is injured at 5:20 of 2nd period (Bruised Left Shoulder).
5:21 of 2nd period - Derek Stepan wins face-off versus Nate Thompson in Tamiflu zone.
5:56 of 2nd period - Wrist shot by Greg Mauldin.
5:56 of 2nd period - Deflect By Rich Clune.
5:56 of 2nd period - Stopped by Anders Lindback without a rebound.
5:57 of 2nd period - Mike Duco wins face-off versus Tyler Johnson in Sasquatch zone.
5:58 of 2nd period - Wrist shot by Nate Thompson.
5:58 of 2nd period - Stopped by Anders Lindback with a rebound.
6:00 of 2nd period - Slapshot by Nate Thompson.
6:00 of 2nd period - Shot Misses the Net.
6:02 of 2nd period - Wrist shot by Alex Picard.
6:02 of 2nd period - Stopped by Anders Lindback with a rebound.
9:11 of 2nd period - Nathan Oystrick is hit by Stephane Da Costa.
10:49 of 2nd period - Ben Hanowski is hit by Derek Stepan.
14:14 of 2nd period - Stephane Da Costa is hit by Nathan Oystrick and loses puck.
16:00 of 2nd period - Kyle Clifford is hit by Petr Pohl and loses puck.
16:27 of 2nd period - Luke Adam is hit by Nathan Oystrick and loses puck.
18:23 of 2nd period - Icing by Joe Corvo.
18:24 of 2nd period - Matt Niskanen wins face-off versus Casey Wellman in Sasquatch zone.
18:29 of 2nd period - Casey Wellman is hit by Matt Niskanen and loses puck.
19:37 of 2nd period - Icing by T.J. Oshie.
19:38 of 2nd period - Derek Stepan wins face-off versus Casey Wellman in Sasquatch zone.
19:44 of 2nd period - Minor Penalty to Rich Clune for Slashing.
19:45 of 2nd period - Derek Stepan wins face-off versus Nate Thompson in Tamiflu zone.
Goals for this period are 0 for Tamiflu vs 0 for Sasquatch.
Shots for this period are 3 for Tamiflu vs 1 for Sasquatch.
3rd period
0:01 of 3rd period - Nate Thompson wins face-off versus Derek Stepan in neutral zone.
0:04 of 3rd period - Slapshot by Jonathan Sigalet.
0:04 of 3rd period - Deflect By Derek Stepan.
0:04 of 3rd period - Stopped by Anders Lindback without a rebound.
0:05 of 3rd period - Nate Thompson wins face-off versus Derek Stepan in Sasquatch zone.
1:44 of 3rd period - Penalty to Rich Clune is over, Rich Clune is back on ice.
1:47 of 3rd period - Icing by Jonathan Sigalet.
1:48 of 3rd period - Stephane Da Costa wins face-off versus Greg Mauldin in Tamiflu zone.
1:59 of 3rd period - Slapshot by Matt Niskanen.
1:59 of 3rd period - Shot Misses the Net.
2:25 of 3rd period - Mike Duco is hit by Matt Niskanen and loses puck.
2:47 of 3rd period - Greg Mauldin is hit by Nick Leddy.
3:35 of 3rd period - Jake Gardiner is hit by Mike Duco and loses puck.
3:58 of 3rd period - Snap shot by T.J. Oshie.
3:58 of 3rd period - Shot Blocked by Jordan Hendry.
4:00 of 3rd period - Slapshot by Jake Gardiner.
4:00 of 3rd period - Shot Blocked by Johan Fransson.
4:04 of 3rd period - Snap shot by Tyler Johnson.
4:04 of 3rd period - Shot Misses the Net.
4:06 of 3rd period - Snap shot by T.J. Oshie.
4:06 of 3rd period - Goal by T.J. Oshie - Tamiflu : 1 - Sasquatch : 3.
4:07 of 3rd period - Tyler Johnson wins face-off versus Greg Mauldin in neutral zone.
4:33 of 3rd period - D.J King is hit by Mike Duco and loses puck.
4:38 of 3rd period - Snap shot by Nate Thompson.
4:38 of 3rd period - Stopped by Anders Lindback without a rebound.
4:39 of 3rd period - Derek Stepan wins face-off versus Colin Greening in Sasquatch zone.
5:10 of 3rd period - Wrist shot by Tyler Johnson.
5:10 of 3rd period - Deflect By Oskar Osala.
5:10 of 3rd period - Stopped by Mike McKenna without a rebound.
5:11 of 3rd period - Tyler Johnson wins face-off versus Nate Thompson in Tamiflu zone.
5:38 of 3rd period - Greg Mauldin is hit by Derek Stepan and loses puck.
5:59 of 3rd period - Snap shot by Mattias Tedenby.
5:59 of 3rd period - Shot Misses the Net.
6:12 of 3rd period - Minor Penalty to Colin Greening for Hooking.
6:13 of 3rd period - Nate Thompson wins face-off versus Derek Stepan in Tamiflu zone.
6:13 of 3rd period - Nate Thompson is hit by Brandon Bochenski.
6:28 of 3rd period - Snap shot by Brandon Bochenski.
6:28 of 3rd period - Shot Blocked by Alex Picard.
6:43 of 3rd period - Off-side.
6:44 of 3rd period - Tyler Johnson wins face-off versus Greg Mauldin in neutral zone.
6:47 of 3rd period - Wrist shot by Matt Niskanen.
6:47 of 3rd period - Shot Misses the Net.
6:49 of 3rd period - Wrist shot by T.J. Oshie.
6:49 of 3rd period - Shot Misses the Net.
6:51 of 3rd period - Snap shot by Oskar Osala.
6:51 of 3rd period - Shot Hit the Post.
6:53 of 3rd period - Backhand shot by Nick Leddy.
6:53 of 3rd period - Shot Misses the Net.
6:55 of 3rd period - Slapshot by Matt Niskanen.
6:55 of 3rd period - Shot Misses the Net.
7:09 of 3rd period - Wrist shot by Derek Stepan.
7:09 of 3rd period - Shot Blocked by Nathan Oystrick.
7:11 of 3rd period - Backhand shot by Nick Leddy.
7:11 of 3rd period - Stopped by Mike McKenna with a rebound.
7:13 of 3rd period - Wrist shot by Derek Stepan.
7:13 of 3rd period - Deflect By Brandon Bochenski.
7:13 of 3rd period - Goal by Brandon Bochenski - Tamiflu : 1 - Sasquatch : 4.
7:14 of 3rd period - Tyler Johnson wins face-off versus Greg Mauldin in neutral zone.
7:46 of 3rd period - Wrist shot by Alex Picard.
7:46 of 3rd period - Shot Misses the Net.
7:48 of 3rd period - Snap shot by Nate Thompson.
7:48 of 3rd period - Shot Misses the Net.
7:50 of 3rd period - Wrist shot by Mike Duco.
7:50 of 3rd period - Stopped by Anders Lindback with a rebound.
7:52 of 3rd period - Wrist shot by Mike Duco.
7:52 of 3rd period - Shot Misses the Net.
7:54 of 3rd period - Snap shot by Nathan Oystrick.
7:54 of 3rd period - Shot Blocked by Matt Niskanen.
8:06 of 3rd period - Slapshot by Matt Niskanen.
8:06 of 3rd period - Shot Misses the Net.
9:14 of 3rd period - Snap shot by Stephane Da Costa.
9:14 of 3rd period - Stopped by Mike McKenna without a rebound.
9:15 of 3rd period - Cam Atkinson wins face-off versus Colin Greening in Tamiflu zone.
9:51 of 3rd period - Snap shot by Mattias Tedenby.
9:51 of 3rd period - Shot Blocked by Nick Leddy.
9:53 of 3rd period - Slapshot by Jordan Hendry.
9:53 of 3rd period - Deflect By Casey Wellman.
9:53 of 3rd period - Stopped by Anders Lindback with a rebound.
9:55 of 3rd period - Snap shot by Mattias Tedenby.
9:55 of 3rd period - Shot Blocked by Nick Leddy.
10:13 of 3rd period - Wrist shot by D.J King.
10:13 of 3rd period - Shot Misses the Net.
10:15 of 3rd period - Slapshot by Jake Gardiner.
10:15 of 3rd period - Shot Misses the Net.
10:25 of 3rd period - Nate Thompson is hit by Matt Niskanen and loses puck.
10:46 of 3rd period - Nathan Oystrick is hit by Derek Stepan and loses puck.
11:05 of 3rd period - Snap shot by Brandon Bochenski.
11:05 of 3rd period - Shot Misses the Net.
11:12 of 3rd period - Minor Penalty to Brandon Bochenski for High sticking.
11:13 of 3rd period - Greg Mauldin wins face-off versus Tyler Johnson in Sasquatch zone.
11:22 of 3rd period - Snap shot by Petr Pohl.
11:22 of 3rd period - Stopped by Anders Lindback without a rebound.
11:23 of 3rd period - Greg Mauldin wins face-off versus Tyler Johnson in Sasquatch zone.
11:44 of 3rd period - Slapshot by Greg Mauldin.
11:44 of 3rd period - Shot Blocked by Tyler Johnson.
11:46 of 3rd period - Slapshot by Petr Pohl.
11:46 of 3rd period - Stopped by Anders Lindback without a rebound.
11:47 of 3rd period - Tyler Johnson wins face-off versus Nate Thompson in Sasquatch zone.
12:00 of 3rd period - Slapshot by Nate Thompson.
12:00 of 3rd period - Stopped by Anders Lindback without a rebound.
12:01 of 3rd period - Nate Thompson wins face-off versus Tyler Johnson in Sasquatch zone.
12:02 of 3rd period - Snap shot by Alex Picard.
12:02 of 3rd period - Shot Misses the Net.
12:31 of 3rd period - Snap shot by Petr Pohl.
12:31 of 3rd period - Shot Misses the Net.
13:12 of 3rd period - Penalty to Brandon Bochenski is over, Brandon Bochenski is back on ice.
15:04 of 3rd period - Petr Pohl is hit by Kyle Clifford and loses puck.
15:11 of 3rd period - Slapshot by Stephane Da Costa.
15:11 of 3rd period - Shot Misses the Net.
15:21 of 3rd period - Nathan Oystrick is hit by Oskar Osala and loses puck.
15:51 of 3rd period - Greg Mauldin is hit by Tyler Johnson and loses puck.
15:58 of 3rd period - Slapshot by Jordan Hendry.
15:58 of 3rd period - Deflect By Greg Mauldin.
15:58 of 3rd period - Shot Misses the Net.
15:58 of 3rd period - Puck is out of play.
15:59 of 3rd period - Stephane Da Costa wins face-off versus Nate Thompson in Sasquatch zone.
15:59 of 3rd period - Stephane Da Costa is hit by Jordan Hendry.
16:49 of 3rd period - Minor Penalty to Matt Niskanen for Tripping.
16:50 of 3rd period - Tyler Johnson wins face-off versus Nate Thompson in Sasquatch zone.
17:43 of 3rd period - Jordan Hendry is hit by Kyle Clifford and loses puck.
18:46 of 3rd period - Mattias Tedenby is hit by Oskar Osala and loses puck.
18:49 of 3rd period - Penalty to Matt Niskanen is over, Matt Niskanen is back on ice.
18:51 of 3rd period - Snap shot by T.J. Oshie.
18:51 of 3rd period - Shot Misses the Net.
19:32 of 3rd period - Backhand shot by Greg Mauldin.
19:32 of 3rd period - Stopped by Anders Lindback without a rebound.
19:33 of 3rd period - Nate Thompson wins face-off versus Derek Stepan in Sasquatch zone.
19:34 of 3rd period - Slapshot by Alex Picard.
19:34 of 3rd period - Deflect By Mike Duco.
19:34 of 3rd period - Goal by Mike Duco - Tamiflu : 2 - Sasquatch : 4.
19:35 of 3rd period - Stephane Da Costa wins face-off versus Colin Greening in neutral zone.
19:40 of 3rd period - Slapshot by Jake Gardiner.
19:40 of 3rd period - Shot Blocked by Mike Duco.
Goals for this period are 1 for Tamiflu vs 2 for Sasquatch.
Shots for this period are 9 for Tamiflu vs 5 for Sasquatch.
Output by the SimonT Hockey Simulator (STHS) for François Prévost -- Original Page W3C XHTML 1.0 Valid